 Dungeon Crawl Stone Soup version 0.19-a0-1493-gd0fcaa6 (webtiles) character file.

790871 epen the Meteorologist (level 27, -16/207 HPs)
             Began as a Merfolk Monk on Sept 9, 2016.
             Was the Champion of Cheibriados.
             Killed from afar by a hellion (39 damage)
             ... with damnation
             ... in Pandemonium.
             The game lasted 03:30:07 (66461 turns).

epen the Meteorologist (Merfolk Monk)              Turns: 66461, Time: 03:30:08

Health: -16/207    AC: 13    Str: 32    XL:     27
Magic:  33/33      EV: 32    Int: 35    God:    Cheibriados [******]
Gold:   8456       SH: 12    Dex: 31    Spells: 10 memorised, 2 levels left

rFire  + + +     SeeInvis .       - Unarmed
rCold  + + +     Gourm    .     Y - +1 fire dragon armour of Sin {rF++ rC- Str+8}
rNeg   + . .     Faith    .     K - +3 buckler {reflect}
rPois  +         Spirit   .     P - -2 hat of the Alchemist {rElec rPois rF+ rC+ rN+ MR+ rMut rCorr}
rElec  +         Dismiss  .     U - +2 cloak {+Inv}
rCorr  +         Reflect  +     (no gloves)
rMut   +         Harm     .     c - +2 pair of boots of the Assassin {DetectMon Stab+ Stlth++}
MR     +++++                    y - amulet of Vitality {Regen+ HP+15}
Stlth  ++........               r - ring "Hunut" {+Fly rC+++ MR+++ Str-5 Dex-3}
                                p - ring "Qiunu" {Wiz rF+ rC+ Int+3 Stlth-}

@: deflect missiles, very slow
A: change form in water, swift swim, stealthy swim, slimy green scales 1,
deformed body, frail 1, low mp 1, subdued magic 1
a: Bend Time, Temporal Distortion, Slouch, Step From Time, Renounce Religion,
Evoke Invisibility, Evoke Flight
}: 5/15 runes: decaying, slimy, silver, abyssal, gossamer


You were in Pandemonium.
You worshipped Cheibriados.
Cheibriados was exalted by your worship.
You were hungry.

You visited 10 branches of the dungeon, and saw 54 of its levels.
You visited Pandemonium 1 time, and saw 1 of its levels.
You visited the Abyss 1 time.
You visited 1 ziggurat, and saw 7 of its levels.
You also visited: Labyrinth, Trove, Sewer, Ossuary, Bailey, Ice Cave and Wizlab.

You collected 10150 gold pieces.
You spent 1694 gold pieces at shops.

Inventory:

Missiles
 R - 8 throwing nets (quivered)
Armour
 c - the +2 pair of boots of the Assassin (worn) {DetectMon Stab+ Stlth++}
   (You acquired it on level 3 of the Realm of Zot)

   It makes you much more stealthy.
 K - a +3 buckler of reflection (worn)
 P - the -2 hat of the Alchemist (worn) {rElec rPois rF+ rC+ rN+ MR+ rMut rCorr}
   (You bought it in a shop on level 2 of the Orcish Mines)

   It protects you from fire.
   It protects you from cold.
   It insulates you from electricity.
   It protects you from poison.
   It protects you from negative energy.
   It affects your resistance to hostile enchantments.
   It protects you from acid and corrosion.
   It protects you from mutation.
 U - a +2 cloak of invisibility (worn)
 Y - the +1 fire dragon armour of Sin (worn) {rF++ rC- Str+8}
   (You found it in a bailey)

   It affects your strength (+8).
   It greatly protects you from fire.
   It makes you vulnerable to cold.
Jewellery
 d - the ring "Zial" {rElec rC+ Dex-5 Slay+3}
   (You acquired it on level 4 of the Depths)

   [ring of protection from cold]

   It affects your dexterity (-5).
   It affects your accuracy and damage with ranged weapons and melee attacks
   (+3).
   It protects you from cold.
   It insulates you from electricity.
 m - the ring of Adwie {rElec SInv}
   (You took it off a deep elf mage on level 3 of the Elven Halls)

   [ring of see invisible]

   It insulates you from electricity.
   It lets you see invisible.
 p - the ring "Qiunu" (left hand) {Wiz rF+ rC+ Int+3 Stlth-}
   (You found it on level 6 of a ziggurat)

   [ring of wizardry]

   It improves your spell success rate.
   It affects your intelligence (+3).
   It protects you from fire.
   It protects you from cold.
   It makes you less stealthy.
 r - the ring "Hunut" (right hand) {+Fly rC+++ MR+++ Str-5 Dex-3}
   (You found it in a treasure trove)

   [ring of flight]

   It affects your strength (-5).
   It affects your dexterity (-3).
   It renders you almost immune to cold.
   It affects your resistance to hostile enchantments.
   It lets you fly.
 y - the amulet of Vitality (around neck) {Regen+ HP+15}
   (You took it off a minotaur in a labyrinth)

   [amulet of regeneration]

   It affects your health (+15).
   It increases your rate of regeneration.
 L - the ring "Xinip" {rPois rF+ Str+3}
   (You took it off a deep elf annihilator on level 3 of the Elven Halls)

   [ring of strength]

   It affects your strength (+3).
   It protects you from fire.
   It protects you from poison.
Wands
 u - a wand of disintegration (10/24)
 H - a wand of digging (13/24)
 T - a wand of teleportation (5/9)
Scrolls
 f - 23 scrolls of identify
 g - 7 scrolls of fear
 h - 35 scrolls of remove curse
 i - 19 scrolls of teleportation
 v - 16 scrolls of amnesia
 x - 3 scrolls of silence
 B - 5 scrolls of recharging
 D - 7 scrolls of magic mapping
 E - a scroll of holy word
 J - 5 scrolls of blinking
 N - 3 scrolls of enchant armour
 Q - 2 scrolls of summoning
 W - 15 scrolls of fog
Potions
 a - a potion of haste
 e - 21 potions of curing
 l - 8 potions of ambrosia
 n - 9 potions of brilliance
 s - 8 potions of flight
 t - 6 potions of might
 z - 4 potions of heal wounds
 A - 8 potions of magic
 I - 4 potions of cancellation
 S - 3 potions of agility
 X - 5 potions of resistance
 Z - 5 potions of cure mutation
Books
 M - a book of the Sky

   Spells                             Type                      Level
   a - Summon Lightning Spire         Summoning/Air                4
   b - Airstrike                      Air                          4
   c - Silence                        Hexes/Air                    5
   d - Deflect Missiles               Charms/Air                   6
   e - Conjure Ball Lightning         Conjuration/Air              6
   f - Tornado                        Air                          9
 V - a book of the Tempests

   Spells                             Type                      Level
   a - Static Discharge               Conjuration/Air              3
   b - Lightning Bolt                 Conjuration/Air              5
   c - Fireball                       Conjuration/Fire             5
   d - Tornado                        Air                          9
   e - Shatter                        Earth                        9
Miscellaneous
 k - a phial of floods
 q - 7 sacks of spiders
 w - 2 boxes of beasts
 G - a lamp of fire
Comestibles
 b - 33 bread rations
 j - 2 slices of pizza
 o - 62 fruits
 F - 2 beef jerkies
 O - 19 meat rations


   Skills:
 + Level 17.1 Fighting
 - Level 4.5 Armour
 + Level 20.2 Dodging
 - Level 2.1 Stealth
 + Level 12.0 Shields
 + Level 19.0 Unarmed Combat
 - Level 10.4 Spellcasting
 - Level 8.4 Conjurations
 - Level 12.1 Charms
 - Level 0.7 Necromancy
 - Level 6.8 Translocations
 - Level 20.8 Transmutations
 O Level 27 Air Magic
 - Level 9.1 Earth Magic
 - Level 17.4 Invocations
 - Level 5.7 Evocations


You had 2 spell levels left.
You knew the following spells:

 Your Spells              Type           Power        Failure   Level  Hunger
a - Blink                 Tloc           N/A          1%          2    None
b - Apportation           Tloc           ######....   1%          1    None
c - Blade Hands           Tmut           #######...   0%          5    ##.....
d - Statue Form           Tmut/Erth      #######..    1%          6    ####...
e - Repel Missiles        Chrm/Air       ######       0%          2    None
f - Passage of Golubria   Tloc           N/A          1%          4    None
g - Regeneration          Chrm/Necr      #####.....   1%          3    None
h - Deflect Missiles      Chrm/Air       #######...   1%          6    ####...
i - Conjure Ball Lightni  Conj/Air       #######...   1%          6    ####...
j - Tornado               Air            ########..   4%          9    #######


Dungeon Overview and Level Annotations

Branches:
Dungeon (15/15)            Temple (0/1) D:5            Lair (6/6) D:10
  Swamp (4/4) Lair:4       Spider (4/4) Lair:4        Slime (5/5) Lair:6
    Orc (2/2) D:9             Elf (3/3) Orc:2        Vaults (5/5) D:13
  Crypt (0/3) Vaults:2     Depths (5/5) D:15            Zot (5/5) Depths:5

Altars:
Cheibriados
Gozag
Nemelex Xobeh
Okawaru
Trog
The Shining One
Beogh
Jiyva

Shops:
D:7 (   D:9 }   D:10 [[(   D:11 *%   Orc:1 =   Orc:2 =*[(   Elf:1 :
Depths:4 ?:=(

Portals:
Hell: Depths:1 Depths:2 Depths:3 Depths:4 Depths:5
Abyss: Depths:3 Depths:4
Pandemonium: Depths:3 Depths:5

Annotations:
Elf:2 5 runed doors
Elf:3 1 exclusion


Innate Abilities, Weirdness & Mutations

You revert to your normal form in water.
You are very nimble and swift while swimming.
You are very stealthy in the water.
You are partially covered in slimy green scales. (AC +2)
Armour fits poorly on your strangely shaped body.
You are frail. (-10% HP)
Your magical capacity is low. (-10% MP)
Your spells are a little easier to cast, but a little less powerful.


Message History

The damnation engulfs the hellion.
The hellion completely resists.
You block the hellion's attack. x2
Okay, then.
You feel much better.
You revert to your normal fleshy form.
The +2 pair of boots of the Assassin {DetectMon Stab+ Stlth++} unmelds from your body.
The +1 fire dragon armour of Sin {rF++ rC- Str+8} unmelds from your body.
The hellion gestures at you.
The sphere of damnation explodes!
The damnation engulfs you!
* * * LOW HITPOINT WARNING * * *
The damnation engulfs the hellion.
The hellion completely resists.
The damnation engulfs the hellion.
The hellion completely resists.
The hellion gestures at you.
The sphere of damnation explodes!
The damnation engulfs you!
* * * LOW HITPOINT WARNING * * *
The damnation engulfs the hellion.
The hellion completely resists.
The damnation engulfs the hellion.
The hellion completely resists.
The hellion gestures at you.
The sphere of damnation explodes!
The damnation engulfs you!
You die...

≈.≈≈≈...##..§≈.#
.#∩...
#.≈≈≈...##..≈≈.#
......
#..§............
...... #..##...#
..≈..##.#.... #..#
...# .∩..........
. #..# ..#
#†..#.....§.. #..#
# #.†...#.#..≈§
#..
##..#...###......
...
.........@2.......
##
########2..#......
# ##...## )...# ##
##...## ...# .##
##...## ... ..##
##...## .#
...#######...## .
#...##.##...##
##...#'#...##


You could see 2 hellions.

Vanquished Creatures
  the Royal Jelly (Slime:5)
  10 ancient liches (Zot:5)
  Mennas (Vaults:2)
  Mara (Depths:4)
  2 orbs of fire (Zot:5)
  Sojobo (Vaults:5)
  Bai Suzhen (Depths:2)
  Margery (Vaults:4)
  2 curse toes
  2 Killer Klowns (Zot:5)
  A caustic shrike (Depths:2)
  8 golden dragons
  Jory (Vaults:2)
  A pearl dragon (Zig:3)
  2 bone dragons (Depths:5)
  7 electric golems
  Arachne (Spider:3)
  7 Hell Sentinels
  2 pandemonium lords
  13 tentacled monstrosities
  An Ice Fiend (Pan)
  25 Orb Guardians (Zot:5)
  A quicksilver dragon (Depths:3)
  Asterion (Spider:3)
  7 titans
  4 deep elf blademasters
  5 liches
  4 deep elf master archers (Elf:3)
  A sphinx (shapeshifter) (Depths:3)
  28 acid blobs
  3 tentacled starspawn (Abyss:1)
  An Executioner (Abyss:1)
  6 death cobs
  An ancient champion (Vaults:2)
  2 thorn hunters (Swamp:3)
  Kirke (D:13)
  6 sphinxes
  15 tengu reavers
  9 shadow dragons
  Donald (Swamp:2)
  25 storm dragons
  Roxanne (D:15)
  2 storm dragons (shapeshifter) (Depths:3)
  An azure jelly (shapeshifter) (Vaults:5)
  10 draconian monks
  13 frost giants
  15 azure jellies
  A greater naga (Zig:4)
  14 deep elf sorcerers
  12 fire giants
  2 orc warlords
  8 draconian knights
  2 iron dragons (Depths:3)
  3 chaos champions (Pan)
  20 vault wardens
  5 draconian scorchers
  6 ghost moths
  9 draconian shifters
  An angel (Zig:3)
  Louise (D:15)
  Aizul (Vaults:2)
  9 emperor scorpions
  3 cacodemons
  13 ironheart preservers
  4 warmongers
  9 deep elf elementalists
  5 war gargoyles
  8 draconian zealots
  2 reapers
  13 draconian annihilators
  21 very ugly things
  A juggernaut skeleton (Depths:1)
  4 draconian callers
  A corrupter (Pan)
  3 spriggan defenders
  30 stone giants
  A caustic shrike skeleton (Depths:1)
  11 deep elf annihilators
  9 yellow draconians
  12 black draconians
  A vampire knight (Depths:3)
  3 black suns
  10 white draconians
  Azrael (D:15)
  7 purple draconians
  11 entropy weavers
  15 green draconians
  5 red draconians
  4 deep elf demonologists
  16 mottled draconians
  A lorocyproca (Pan)
  10 dire elephants
  An eidolon (Vaults:2)
  A merfolk javelineer (Depths:2)
  8 spark wasps
  8 deep elf death magi
  A minotaur (Lab)
  23 ettins
  A blizzard demon (Depths:5)
  A green death (Pan)
  9 deep elf high priests
  22 death oozes
  Josephine (D:13)
  A great orb of eyes (shapeshifter) (Depths:5)
  11 great orbs of eyes
  26 fire dragons
  20 yaktaur captains
  Erolcha (D:13)
  Harold (Lair:2)
  A naga warrior (Zig:4)
  18 hydras
  18 ice dragons
  Fannar (Orc:1)
  9 rakshasas
  2 hydras (shapeshifter)
  The ghost of Vasilisck the Anamnesiscian, a journeyman NaVM of Hepliaklqana (D:11)
  2 hell beasts
  2 monstrous demonspawn (Pan)
  38 vault guards
  17 centaur warriors
  A juggernaut simulacrum (Depths:3)
  7 spriggan air magi
  2 catoblepae
  An anaconda (Zig:4)
  19 dancing weapons
  12 alligators
  2 titan zombies
  3 death knights
  10 deep troll shamans
  2 shock serpents
  13 death yaks
  16 deep troll earth magi
  23 ogre magi
  6 spriggan berserkers
  A vampire mage (Depths:1)
  4 thrashing horrors (Abyss:1)
  5 tengu warriors
  4 orc high priests (Orc:2)
  A naga sharpshooter (Zig:2)
  A storm dragon zombie (Vaults:2)
  2 soul eaters (Pan)
  11 sun demons
  9 deep elf knights
  25 large abominations
  Sonja (Lair:2)
  A titan skeleton (Vaults:5)
  2 wretched stars (Abyss:1)
  6 hell knights
  A sixfirhy (Abyss:1)
  2 storm dragon skeletons
  A gelid demonspawn (Pan)
  10 skeletal warriors
  2 spriggan druids
  2 iron trolls (Depths:4)
  2 unseen horrors
  2 spatial maelstroms (Abyss:3)
  2 infernal demonspawn
  6 shadow wraiths
  A spark wasp zombie (D:15)
  25 deep trolls
  A fire crab (shapeshifter) (Depths:2)
  3 wizards (Vaults:3)
  A sea snake (shapeshifter) (Vaults:3)
  A cherub (Zig:3)
  6 giant orange brains
  3 putrid demonspawn
  2 torturous demonspawn
  2 orange crystal statues
  11 swamp dragons
  7 flayed ghosts
  9 necromancers
  A harpy (Vaults:4)
  9 hill giants
  4 lindwurms
  7 shambling mangroves
  4 phantasmal warriors
  14 ironbrand convokers
  20 deep elf archers
  16 orc knights
  A wolf spider zombie (D:15)
  A tengu skeleton (Vaults:2)
  7 orc sorcerers
  A shining eye (shapeshifter) (Vaults:5)
  39 wolf spiders
  75 deep elf magi
  70 ugly things
  A sphinx skeleton (Zig:6)
  A fire giant zombie (Vaults:2)
  A faun (shapeshifter) (Vaults:5)
  A salamander (shapeshifter) (Vaults:5)
  4 griffons
  27 orb spiders
  A stone giant zombie (Zig:6)
  A faun (Zig:2)
  10 hornets
  A guardian serpent (Abyss:1)
  An octopode (shapeshifter) (Depths:2)
  A stone giant skeleton (Depths:1)
  3 manticores
  28 moths of wrath
  A worldbinder (Abyss:1)
  8 cyclopes
  2 guardian serpents (shapeshifter)
  17 elephants
  3 black mambas
  4 eyes of devastation
  4 naga magi (Depths:3)
  6 torpor snails
  10 smoke demons
  A spiny frog (shapeshifter) (D:15)
  A torpor snail (shapeshifter) (Vaults:5)
  A storm dragon simulacrum (Vaults:2)
  A spriggan zombie (D:15)
  16 vault sentinels
  2 frost giant skeletons
  3 gargoyles
  22 spiny frogs
  4 hellions (Pan)
  3 orange demons
  6 rime drakes
  17 komodo dragons
  3 yaktaur zombies
  24 demonic crawlers
  A yaktaur (shapeshifter) (Depths:1)
  An anaconda simulacrum (Abyss:1)
  A rime drake (shapeshifter) (Vaults:2)
  An efreet (Depths:3)
  14 small abominations
  69 yaktaurs
  2 kobold demonologists (D:12)
  2 ice devils
  5 freezing wraiths
  An entropy weaver simulacrum (Vaults:2)
  8 hellwings
  3 tormentors
  A komodo dragon (shapeshifter) (Vaults:2)
  7 giant leeches
  A guardian mummy (D:15)
  13 trolls
  A polar bear (Lair:6)
  4 ancient zymes
  A merfolk (shapeshifter) (Depths:1)
  A meliai (shapeshifter) (Vaults:5)
  2 red devils
  47 jumping spiders
  2 queen bees (shapeshifter)
  2 meliai
  3 tengu conjurers
  A jumping spider (shapeshifter) (Depths:3)
  95 slime creatures
  48 two-headed ogres
  4 blink frogs (Lair:5)
  5 boulder beetles
  7 bog bodies
  An ice dragon zombie (Depths:1)
  6 raiju
  An ettin zombie (Depths:2)
  2 ettin skeletons
  A fire dragon zombie (Abyss:1)
  A fire dragon skeleton (D:15)
  2 redbacks (shapeshifter)
  2 flying skulls
  23 starcursed masses (Abyss:1)
  4 ynoxinuls
  45 tarantellas
  The ghost of WereVolvo the Digger, an amateur GrEE (D:6)
  92 redbacks
  9 spriggans
  4 air elementals
  A tarantella (shapeshifter) (Vaults:3)
  10 water elementals
  6 shadows
  2 vampires
  7 wraiths
  15 wyverns
  9 fire elementals
  2 basilisks (shapeshifter)
  10 basilisks
  67 yaks
  A golden eye (shapeshifter) (Depths:5)
  3 chaos spawn (Abyss:1)
  22 hippogriffs
  2 humans (shapeshifter)
  4 neqoxecs
  22 vampire mosquitoes
  2 hungry ghosts
  5 mottled dragons
  Menkaure (D:7)
  6 insubstantial wisps
  34 swamp worms
  2 tengu zombies
  6 wargs
  A harpy simulacrum (Depths:3)
  A hydra simulacrum (Depths:3)
  A naga (Zig:4)
  13 water moccasins
  2 hell hounds (D:15)
  3 soldier ants
  Duvessa (D:7)
  5 swamp drakes
  10 porcupines
  78 orc warriors
  5 ice beasts
  15 wasps
  A black bear (D:13)
  5 eyes of draining
  5 sky beasts
  7 boggarts
  A necrophage (D:12)
  2 phantoms
  72 ogres
  9 wolves
  26 centaurs
  16 crocodiles
  Blork the orc (D:6)
  6 big kobolds
  An elf zombie (Ossuary)
  20 giant frogs
  5 earth elementals
  2 gnoll sergeants (Orc:2)
  Dowan (D:7)
  3 human simulacra (Vaults:2)
  A glowing shapeshifter simulacrum (Vaults:2)
  8 scorpions
  A wyvern skeleton (D:12)
  6 killer bees
  9 wights
  6 howler monkeys
  12 jellies
  4 centaur zombies
  7 electric eels
  5 crimson imps
  A giant frog zombie (D:12)
  5 quasits
  2 iron imps
  3 human zombies
  32 orc priests
  5 hounds
  4 centaur skeletons
  13 iguanas
  4 giant frog skeletons
  48 orc wizards
  10 worker ants
  A big kobold zombie (Ossuary)
  4 hound skeletons
  3 mummies
  2 worker ant zombies (D:10)
  8 gnolls (Orc:2)
  3 howler monkey zombies
  24 adders
  24 river rats
  8 shadow imps
  16 white imps
  A howler monkey simulacrum (D:8)
  3 ufetubi
  8 oozes
  5 adder zombies
  18 worms
  3 dart slugs
  7 giant geckos
  155 orcs
  5 bats
  8 giant cockroaches
  13 goblins
  12 hobgoblins
  6 jackals
  10 quokkas
  7 ball pythons
  A ball python skeleton (D:4)
  2 giant gecko skeletons
  8 giant newts
  3 goblin zombies (Ossuary)
  8 hobgoblin zombies (Ossuary)
  A jackal skeleton (D:4)
  4 jackal zombies (Ossuary)
  36 kobolds
  9 kobold zombies (Ossuary)
  9 orc zombies (Ossuary)
  20 rats
  3 crawling corpses
  3 starspawn tentacles (Abyss:1)
3379 creatures vanquished.

Vanquished Creatures (collateral kills)
  An orb spider (Spider:1)
  2 fungi (Lair:5)
3 creatures vanquished.

Vanquished Creatures (others)
  An ancient lich (Zot:5)
  Nikola (Depths:3)
  A fire giant (Depths:2)
  A ghost moth (Spider:1)
  A draconian knight (Zot:1)
  A draconian scorcher (Zot:3)
  A deep elf demonologist (Elf:3)
  A deep elf annihilator (Elf:3)
  2 deep elf knights
  A hell knight (Vaults:4)
  A wizard (Vaults:2)
  A sphinx skeleton (Depths:2)
  34 ball lightnings
  A moth of wrath (Zot:5)
  3 yaktaurs (Vaults:5)
  An air elemental (Depths:4)
  2 humans (D:13)
  2 ogres (Vaults:4)
  A boggart (Depths:1)
  3 orcs
  4 briar patches (Swamp:3)
  A bush (Lair:6)
  22 fungi
  40 plants
  3 starspawn tentacles (Abyss:1)
130 creatures vanquished.

Grand Total: 3512 creatures vanquished

Notes
Turn   | Place    | Note
-------+----------+-------------------------------------------
     0 | D:1      | epen the Merfolk Monk began the quest for the Orb.
     0 | D:1      | Reached XP level 1. HP: 18/18 MP: 1/1
    84 | D:1      | Found a snail-covered altar of Cheibriados.
    95 | D:1      | Reached XP level 2. HP: 16/24 MP: 2/2
   190 | D:1      | Became a worshipper of Cheibriados the Contemplative
   190 | D:1      | Reached * piety under Cheibriados
   190 | D:1      | Reached ** piety under Cheibriados
   705 | D:1      | Reached XP level 3. HP: 22/30 MP: 3/3
   746 | D:1      | Reached skill level 1 in Invocations
  1395 | D:2      | Reached XP level 4. HP: 35/37 MP: 5/5
  1420 | D:2      | Reached *** piety under Cheibriados
  2285 | D:2      | Found an iron altar of Okawaru.
  2354 | D:2      | Reached XP level 5. HP: 38/42 MP: 5/7
  2603 | D:2      | Reached **** piety under Cheibriados
  3533 | D:4      | Reached XP level 6. HP: 47/49 MP: 8/8
  3541 | D:4      | Reached skill level 5 in Dodging
  3541 | D:4      | Reached skill level 5 in Unarmed Combat
  4736 | D:4      | Reached XP level 7. HP: 45/55 MP: 10/10
  4802 | D:4      | Reached ***** piety under Cheibriados
  4868 | D:5      | Entered Level 5 of the Dungeon
  4891 | D:5      | Found a staircase to the Ecumenical Temple.
  4914 | D:5      | Reached skill level 5 in Fighting
  5006 | D:5      | Found a glowing drain.
  5015 | Sewer    | Entered a sewer
  5460 | Sewer    | Gained mutation: You are frail. (-10% HP) [potion of mutation]
  5460 | Sewer    | Gained mutation: You are partially covered in slimy green scales. (AC +2) [potion of mutation]
  5460 | Sewer    | Gained mutation: Your magical capacity is low. (-10% MP) [potion of mutation]
  5530 | Sewer    | Reached skill level 5 in Invocations
  5888 | D:5      | Reached XP level 8. HP: 38/55 MP: 10/10
  6551 | D:6      | Noticed WereVolvo's ghost (amateur GrEE)
  6789 | D:6      | Killed WereVolvo's ghost
  6789 | D:6      | Reached XP level 9. HP: 43/63 MP: 12/12
  7214 | D:6      | Found an opulent altar of Gozag.
  7308 | D:6      | Noticed Blork the orc
  7323 | D:6      | Killed Blork the orc
  7441 | D:7      | Got a polished quarterstaff
  7489 | D:7      | Noticed Duvessa
  7489 | D:7      | Noticed Dowan
  7498 | D:7      | Killed Duvessa
  7499 | D:7      | Killed Dowan
  7504 | D:7      | HP: 3/64 [mummy (7)]
  7511 | D:7      | Found a sand-covered staircase.
  7517 | Ossuary  | Entered an ossuary
  7935 | Ossuary  | Identified the +9 quarterstaff of Okawaru's Displeasure {freeze, Int+3} (You found it on level 7 of the Dungeon)
  7995 | D:7      | Found a bloodstained altar of Trog.
  8138 | D:7      | Found Damo's Weapon Emporium.
  8207 | D:7      | Reached XP level 10. HP: 72/72 MP: 14/14
  8404 | D:7      | Noticed Menkaure
  8410 | D:7      | Killed Menkaure
  8571 | D:7      | You fall through a shaft for 2 floors!
  9273 | D:8      | Learned a level 5 spell: Alistair's Intoxication
  9559 | D:8      | Found a sparkling altar of Nemelex Xobeh.
  9615 | D:8      | Found a glowing golden altar of the Shining One.
  9637 | D:8      | Reached skill level 10 in Unarmed Combat
  9643 | D:8      | Reached skill level 1 in Transmutations
  9734 | D:8      | Reached skill level 1 in Spellcasting
 10094 | D:9      | Got a translucent leather armour
 10105 | D:9      | Identified the cursed +0 leather armour "Enlir" {rPois rF- Stlth+} (You found it on level 9 of the Dungeon)
 10131 | D:9      | Got a tattered robe
 10142 | D:9      | Identified the +1 robe of the Dropbear {rN+ rCorr MP+9 Dex-2} (You found it on level 9 of the Dungeon)
 10174 | D:9      | Found Gaky's Gadget Boutique.
 10194 | D:9      | Bought a wand of teleportation (5/9) for 432 gold pieces
 10476 | D:9      | Reached XP level 11. HP: 37/78 MP: 16/16
 10714 | D:9      | Found a staircase to the Orcish Mines.
 10874 | D:9      | Reached ****** piety under Cheibriados
 11124 | D:10     | Entered Level 10 of the Dungeon
 11155 | D:10     | Found Ittur's Antique Armour Emporium.
 11164 | D:10     | Reached skill level 10 in Invocations
 11168 | D:10     | Noticed a hill giant
 11176 | D:10     | Killed a hill giant
 11181 | D:10     | Found Feigu's Antique Armour Emporium.
 11349 | D:10     | Noticed a hill giant
 11409 | D:10     | Killed a hill giant
 11465 | D:10     | Found a staircase to the Lair.
 11569 | D:10     | Found Xaceitwa's Weapon Emporium.
 11580 | D:10     | Bought 2 throwing nets for 96 gold pieces
 11696 | D:10     | Reached skill level 10 in Dodging
 11978 | D:10     | Noticed a cyclops
 12030 | D:10     | Killed a cyclops
 12616 | D:11     | Noticed Vasilisck's ghost (journeyman NaVM)
 12639 | D:11     | Found Naanto's General Store.
 12716 | D:11     | Killed Vasilisck's ghost
 12716 | D:11     | Reached skill level 5 in Transmutations
 12726 | D:11     | Found a flagged portal.
 12731 | Bailey   | Entered a bailey
 13677 | Bailey   | Got a translucent fire dragon armour
 13689 | Bailey   | Identified the cursed +1 fire dragon armour of Sin {rF++ rC- Str+8} (You found it in a bailey)
 13963 | D:11     | JAK
 13963 | D:11     | HOW AR U?
 13963 | D:11     | DO U SPEAK POLSKA?
 14110 | D:11     | Reached XP level 12. HP: 83/85 MP: 18/18
 14951 | D:11     | Found Atipus's Food Boutique.
 15213 | D:11     | Got a scorched turquoise ring
 15334 | Lair:1   | Entered Level 1 of the Lair of Beasts
 15388 | Lair:1   | Found a frozen archway.
 15428 | IceCv    | Entered an ice cave
 15942 | Lair:1   | Identified the ring of Kimn {*Tele rPois} (You took it off a centaur on level 11 of the Dungeon)
 17111 | Lair:1   | Noticed a four-headed hydra
 17119 | Lair:1   | Killed a four-headed hydra
 17645 | Lair:1   | Reached skill level 10 in Fighting
 18047 | Lair:2   | Noticed a six-headed hydra
 18056 | Lair:2   | Killed a six-headed hydra
 18056 | Lair:2   | Reached skill level 5 in Spellcasting
 18271 | Lair:2   | Noticed Harold
 18294 | Lair:2   | Killed Harold
 18294 | Lair:2   | Reached XP level 13. HP: 92/92 MP: 19/19
 19075 | Lair:2   | Noticed Sonja
 19146 | Lair:2   | gello
 19147 | Lair:2   | Killed Sonja
 19148 | Lair:2   | CHoOOO
 19740 | Lair:3   | Found a labyrinth entrance.
 19760 | Lab      | Entered a labyrinth
 20234 | Lab      | Noticed a minotaur
 20241 | Lab      | Killed a minotaur
 20273 | Lab      | Identified the Grimoire of Lucky Intoxication
 20273 | Lab      | Identified Pas Ufyn's Reference Book on Conjuration and Snow
 20617 | Lair:3   | Found a snail-covered altar of Cheibriados.
 21408 | Lair:4   | Identified the Incunabulum of Igneous Displacement
 21510 | Lair:4   | Found a hole to the Spider Nest.
 21848 | Lair:4   | Reached XP level 14. HP: 31/99 MP: 14/21
 22209 | Lair:4   | Found a staircase to the Swamp.
 22686 | Lair:5   | Reached skill level 1 in Evocations
 23387 | Lair:5   | Reached skill level 10 in Transmutations
 23489 | Lair:6   | Entered Level 6 of the Lair of Beasts
 24156 | Lair:6   | Found a viscous altar of Jiyva.
 24160 | Lair:6   | Found a staircase to the Slime Pits.
 25502 | Lair:2   | Reached XP level 15. HP: 73/107 MP: 23/23
 25919 | Orc:1    | Entered Level 1 of the Orcish Mines
 26072 | Orc:1    | Noticed Fannar
 26086 | Orc:1    | Killed Fannar
 26233 | Orc:1    | Found Nyffejipn's Jewellery Shop.
 26260 | Orc:1    | Found a roughly hewn altar of Beogh.
 26369 | Orc:1    | Noticed an orc warlord
 26395 | Orc:1    | Killed an orc warlord
 26497 | Orc:2    | Entered Level 2 of the Orcish Mines
 26775 | Orc:2    | Found a staircase to the Elven Halls.
 27126 | Orc:2    | Noticed an orc warlord
 27142 | Orc:2    | Killed an orc warlord
 27419 | Orc:2    | Found Ilauhig's Antique Armour Emporium.
 27420 | Orc:2    | Found Goyrotej's Antique Weapon Shoppe.
 27421 | Orc:2    | Found Doelel's General Store.
 27421 | Orc:2    | Found Fizoc's Jewellery Emporium.
 27445 | Orc:2    | Bought the -2 hat of the Alchemist {rElec rPois rF+ rC+ rN+ MR+ rMut rCorr} for 802 gold pieces
 27815 | Orc:1    | Learned a level 1 spell: Apportation
 28055 | D:12     | Reached skill level 1 in Translocations
 28804 | D:12     | Got a scorched crystal amulet
 28816 | D:12     | Identified the Compendium of Evil Transmutation
 28818 | D:12     | Identified the amulet of Jilaetod {Dismiss rN+ Str+3} (You found it on level 12 of the Dungeon)
 28828 | D:12     | Learned a level 5 spell: Blade Hands
 28962 | D:13     | gello
 29020 | D:13     | Noticed Josephine
 29024 | D:13     | Killed Josephine
 29024 | D:13     | Reached XP level 16. HP: 114/114 MP: 14/24
 29037 | D:13     | Reached skill level 15 in Invocations
 29061 | D:13     | Reached skill level 5 in Evocations
 29160 | D:13     | Noticed Erolcha
 29171 | D:13     | Killed Erolcha
 29237 | D:13     | Found a gate to the Vaults.
 29242 | D:13     | Reached skill level 15 in Unarmed Combat
 30202 | D:15     | Entered Level 15 of the Dungeon
 30202 | D:15     | Noticed Louise
 30221 | D:15     | Killed Louise
 30431 | D:15     | Found a staircase to the Depths.
 30494 | D:15     | Noticed Azrael
 30504 | D:15     | Killed Azrael
 30681 | D:15     | Noticed Roxanne
 30714 | D:15     | Killed Roxanne
 30849 | D:15     | Learned a level 6 spell: Statue Form
 31712 | Swamp:1  | Entered Level 1 of the Swamp
 32247 | Swamp:2  | Reached XP level 17. HP: 121/121 MP: 20/26
 32935 | Swamp:2  | Noticed Donald
 32940 | Swamp:2  | Killed Donald
 33025 | Swamp:3  | Reached skill level 15 in Transmutations
 33275 | Swamp:3  | Reached skill level 1 in Shields
 33736 | Swamp:4  | Entered Level 4 of the Swamp
 34171 | Swamp:4  | Reached skill level 5 in Shields
 34722 | Swamp:4  | Got a decaying rune of Zot
 35148 | Spider:1 | Entered Level 1 of the Spider Nest
 35156 | Spider:1 | Reached XP level 18. HP: 126/126 MP: 27/27
 36945 | Spider:3 | Noticed Arachne
 36955 | Spider:3 | Killed Arachne
 37180 | Spider:3 | Reached XP level 19. HP: 132/132 MP: 28/28
 37314 | Spider:3 | Got a faintly glowing copper ring
 37424 | Spider:3 | Identified the ring of Hojag {rPois Stlth+} (You took it off an entropy weaver on level 3 of the Spider Nest)
 37696 | Spider:3 | Noticed Asterion
 37709 | Spider:3 | Killed Asterion
 37798 | Spider:3 | Learned a level 3 spell: Portal Projectile
 37809 | Spider:3 | Learned a level 4 spell: Passage of Golubria
 37813 | Spider:3 | Learned a level 2 spell: Repel Missiles
 37934 | Spider:3 | Reached skill level 1 in Earth Magic
 37987 | Spider:3 | Reached skill level 1 in Air Magic
 38045 | Spider:4 | Entered Level 4 of the Spider Nest
 38051 | Spider:4 | Reached skill level 2 in Air Magic
 38318 | Spider:4 | Reached skill level 3 in Air Magic
 38369 | Spider:4 | Reached skill level 5 in Translocations
 38731 | Spider:4 | Reached skill level 4 in Air Magic
 38870 | Spider:4 | Got a gossamer rune of Zot
 39178 | D:10     | Bought an embroidered cloak for 162 gold pieces
 39435 | Vaults:1 | Entered Level 1 of the Vaults
 39636 | Vaults:1 | Reached skill level 5 in Earth Magic
 39647 | Vaults:1 | Reached XP level 20. HP: 139/139 MP: 20/29
 39649 | Vaults:1 | Reached skill level 5 in Air Magic
 39713 | Vaults:1 | Learned a level 3 spell: Regeneration
 39851 | Vaults:1 | Reached skill level 1 in Charms
 39976 | Vaults:1 | Reached skill level 1 in Armour
 40629 | Vaults:2 | Reached skill level 6 in Air Magic
 40842 | Vaults:2 | Noticed Jory
 40850 | Vaults:2 | Killed Jory
 41321 | Vaults:2 | Reached skill level 5 in Charms
 41342 | Vaults:2 | Noticed Aizul
 41354 | Vaults:2 | Killed Aizul
 41551 | Vaults:2 | Reached skill level 7 in Air Magic
 41594 | Vaults:2 | Noticed Mennas
 41616 | Vaults:2 | Killed Mennas
 41616 | Vaults:2 | Reached XP level 21. HP: 125/145 MP: 30/30
 41623 | Vaults:2 | Found an iron altar of Okawaru.
 41695 | Vaults:2 | Found a staircase to the Crypt.
 42510 | Vaults:3 | Reached skill level 8 in Air Magic
 43799 | Vaults:4 | Reached XP level 22. HP: 153/153 MP: 26/32
 44062 | Vaults:4 | Reached skill level 10 in Spellcasting
 44189 | Vaults:4 | Reached skill level 9 in Air Magic
 44542 | Vaults:4 | Noticed Margery
 44547 | Vaults:4 | Killed Margery
 44893 | Vaults:4 | Found a portal to a secret trove of treasure.
 45165 | Vaults:4 | You paid a toll of a +4 fire dragon armour to enter a treasure trove
 45166 | Trove    | Entered a treasure trove
 45171 | Trove    | Got a scorched iron amulet
 45193 | Trove    | Identified the amulet of Qeurhy Uxoqu {Faith rPois Dex+4 Stlth+} (You found it in a treasure trove)
 45307 | Trove    | Got a glittering pewter ring
 45308 | Trove    | Identified the ring "Xoisuev" {rCorr -Tele rF+ rN+ Int+4} (You found it in a treasure trove)
 45312 | Trove    | Got a steaming pewter ring
 45313 | Trove    | Identified the ring of Psychosis {*Tele rElec Slay+2} (You found it in a treasure trove)
 45317 | Trove    | Got a fine sapphire amulet
 45318 | Trove    | Identified the amulet "Puxipey" {Harm *Drain Fragile rPois Str+2} (You found it in a treasure trove)
 45321 | Trove    | Got a glittering bronze ring
 45322 | Trove    | Identified the ring "Hunut" {+Fly rC+++ MR+++ Str-5 Dex-3} (You found it in a treasure trove)
 45326 | Trove    | Got a sparkling copper ring
 45330 | Trove    | Identified the ring "Ret Yrer" {rElec rC+ MR+++ Dex-4} (You found it in a treasure trove)
 45335 | Trove    | Got a smoking tin amulet
 45336 | Trove    | Identified the amulet "Ypnape Bari" {Gourm MP+9} (You found it in a treasure trove)
 45847 | Elf:1    | Entered Level 1 of the Elven Halls
 45954 | Elf:1    | Reached skill level 10 in Shields
 46183 | Elf:1    | Identified the Compendium of Battle Magic
 46362 | Elf:1    | Reached skill level 10 in Charms
 46387 | Elf:1    | Found Xysidd's One-of-a-Kind Books.
 46709 | Elf:2    | Found a magical portal.
 46745 | WizLab   | Entered Wucad Mu's Monastery
 47139 | Elf:2    | Found a huge runed gate.
 47139 | Elf:2    | Found a huge runed gate.
 47139 | Elf:2    | Found a huge runed gate.
 47139 | Elf:2    | Found a huge runed gate.
 47141 | Elf:2    | Found a huge runed gate.
 47298 | Elf:3    | Entered Level 3 of the Elven Halls
 47320 | Elf:3    | hi
 47760 | Elf:3    | Reached XP level 23. HP: 160/160 MP: 30/33
 47787 | Elf:3    | Reached skill level 10 in Air Magic
 47985 | Elf:3    | Reached skill level 15 in Dodging
 48494 | Elf:3    | Got a fine iron ring
 48511 | Elf:3    | Identified the ring "Xinip" {rPois rF+ Str+3} (You took it off a deep elf annihilator on level 3 of the Elven Halls)
 48514 | Elf:3    | Got a bound lead ring
 48517 | Elf:3    | Identified the ring of Adwie {rElec SInv} (You took it off a deep elf mage on level 3 of the Elven Halls)
 48614 | Elf:3    | Got a ring of the Octopus King
 48616 | Elf:3    | Identified a ring of the Octopus King {Wiz AC+1 EV+1 Str+1 Int+1 Dex+1} (You found it on level 3 of the Elven Halls)
 48645 | Elf:3    | Learned a level 2 spell: Blink
 48687 | Elf:3    | Identified the Grimoire of Intoxication and the Voyage
 48736 | Elf:3    | Identified Tuovehiq's Grimoire of Freezing Feathers
 49017 | Orc:2    | JAKKKKKKKK
 49222 | Depths:1 | Entered Level 1 of the Depths
 49287 | Depths:1 | Learned a level 6 spell: Deflect Missiles
 49361 | Depths:1 | KUDA TEPER'???
 49712 | Depths:1 | Found a gateway to Hell.
 49928 | Depths:1 | Reached XP level 24. HP: 168/168 MP: 32/33
 49929 | Depths:1 | ayyyyyyyyyy
 49929 | Depths:1 | SLIMES
 49985 | Depths:1 | Reached skill level 15 in Fighting
 49985 | Depths:1 | Reached skill level 11 in Air Magic
 50097 | Depths:1 | Paralysed by a giant eyeball for 3 turns
 50875 | Depths:2 | Identified a scroll of acquirement
 51453 | Depths:2 | Noticed Bai Suzhen
 51463 | Depths:2 | Killed Bai Suzhen
 51547 | Depths:2 | Noticed a caustic shrike
 51596 | Depths:2 | Killed a caustic shrike
 51697 | Depths:2 | Reached skill level 12 in Air Magic
 51709 | Depths:2 | Reached XP level 25. HP: 175/175 MP: 31/33
 51728 | Depths:2 | Got a tattered robe
 51740 | Depths:2 | Identified the cursed +0 robe of Oqagudda {rElec rPois Dex-4 Stlth-} (You took it off a spriggan air mage on level 2 of the Depths)
 52074 | Depths:3 | allo
 52105 | Depths:3 | Noticed Nikola
 52116 | Depths:3 | Killed Nikola
 52244 | Depths:3 | Found a one-way gate leading to the halls of Pandemonium.
 52276 | Depths:3 | Found a one-way gate to the infinite horrors of the Abyss.
 52772 | Depths:2 | HAI
 52772 | Depths:2 | WHAT ARE U DOIN IN MY SWAMP
 52784 | Depths:2 | Got an encrusted quarterstaff
 52785 | Depths:2 | Identified the cursed +1 quarterstaff of the Yoke {crush, rElec rF- rN+++ SInv} (You found it on level 2 of the Depths)
 52909 | Depths:4 | Learned a level 6 spell: Conjure Ball Lightning
 52964 | Depths:4 | Found Luyffuiq's Jewellery Emporium.
 52964 | Depths:4 | Found Ynekas's Book Shoppe.
 52965 | Depths:4 | Found Cuowubih's Weapon Emporium.
 52969 | Depths:4 | Found Depron's Magic Scroll Shoppe.
 52979 | Depths:4 | Bought a scroll of teleportation for 45 gold pieces
 52979 | Depths:4 | Bought a scroll of teleportation for 45 gold pieces
 52979 | Depths:4 | Bought a scroll of identify for 30 gold pieces
 52979 | Depths:4 | Bought a scroll of identify for 30 gold pieces
 52979 | Depths:4 | Bought a scroll of magic mapping for 52 gold pieces
 53006 | Depths:4 | Reached skill level 1 in Conjurations
 53047 | Depths:4 | Reached skill level 13 in Air Magic
 53309 | Depths:4 | Got a pair of scorched gloves
 53320 | Depths:4 | Identified the cursed +0 pair of gloves of Yredelemnul {+Fly Dex+5} (You found it on level 4 of the Depths)
 53329 | Depths:4 | Got a scorched bone ring
 53338 | Depths:4 | Identified the ring "Zial" {rElec rC+ Dex-5 Slay+3} (You acquired it on level 4 of the Depths)
 53498 | Depths:4 | Noticed Mara
 53502 | Depths:4 | Noticed epen's illusion
 53515 | Depths:4 | Noticed epen's illusion
 53516 | Depths:4 | Killed Mara
 53516 | Depths:4 | Reached XP level 26. HP: 174/183 MP: 27/33
 53855 | Depths:5 | Entered Level 5 of the Depths
 53870 | Depths:5 | Reached skill level 5 in Conjurations
 54102 | Depths:5 | Reached skill level 14 in Air Magic
 54505 | Depths:5 | Found a gateway to a ziggurat.
 54730 | Depths:5 | Found a gate to the Realm of Zot.
 54980 | Depths:5 | Reached skill level 15 in Air Magic
 55154 | Zig:1    | Entered Level 1 of a ziggurat
 55172 | Zig:2    | Entered Level 2 of a ziggurat
 55210 | Zig:3    | Entered Level 3 of a ziggurat
 55263 | Zig:4    | Entered Level 4 of a ziggurat
 55288 | Zig:4    | Got a coiled bronze ring
 55290 | Zig:4    | Identified the ring of Lionapag {rCorr -Tele rF- rC+ Str+6} (You found it on level 4 of a ziggurat)
 55312 | Zig:5    | Entered Level 5 of a ziggurat
 55367 | Zig:5    | Identified the Disquisition on Lucky Malediction
 55397 | Zig:6    | Entered Level 6 of a ziggurat
 55432 | Zig:6    | Got a transparent bone ring
 55434 | Zig:6    | Identified the ring "Qiunu" {Wiz rF+ rC+ Int+3 Stlth-} (You found it on level 6 of a ziggurat)
 55443 | Zig:6    | Got a warped steel amulet
 55445 | Zig:6    | Identified the amulet of Negusub {Dismiss rF+} (You found it on level 6 of a ziggurat)
 55455 | Zig:7    | Entered Level 7 of a ziggurat
 55463 | Zig:7    | Noticed Mayb the pandemonium lord
 55469 | Zig:7    | Gained mutation: Armour fits poorly on your strangely shaped body. [a cacodemon]
 55476 | Zig:7    | Killed Mayb the pandemonium lord
 55481 | Zig:7    | Reached XP level 27. HP: 78/189 MP: 13/33
 55491 | Zig:7    | Reached skill level 16 in Air Magic
 55525 | Zig:7    | Identified the Grimoire of the Cloudy Volcanoes
 55712 | Depths:4 | Voluntarily entered the Abyss.
 55759 | Abyss:1  | Found a corrupted altar of Lugonu.
 55811 | Abyss:1  | Found a corrupted altar of Lugonu.
 55817 | Abyss:1  | Got a sparkling amber ring
 55818 | Abyss:1  | Identified the ring of Liberalism {rC+ rN+ Str+4} (You found it on level 1 of the Abyss)
 56563 | Abyss:1  | Reached skill level 17 in Air Magic
 56851 | Abyss:1  | Paralysed by accursed screaming for 1 turns
 57050 | Abyss:3  | Found a corrupted altar of Lugonu.
 57052 | Abyss:3  | Got an abyssal rune of Zot
 57106 | Abyss:3  | Found a corrupted altar of Lugonu.
 57126 | Depths:4 | Escaped the Abyss
 57176 | Zot:1    | Entered Level 1 of the Realm of Zot
 57271 | Zot:1    | Reached skill level 18 in Air Magic
 57713 | Zot:1    | Reached skill level 19 in Air Magic
 58634 | Zot:3    | Reached skill level 20 in Air Magic
 58840 | Zot:2    | Learned a level 9 spell: Tornado
 59794 | Zot:3    | Reached skill level 21 in Air Magic
 60387 | Zot:5    | Entered Level 5 of the Realm of Zot
 60613 | Zot:5    | Reached skill level 22 in Air Magic
 60619 | Zot:5    | Noticed an ancient lich
 60633 | Zot:5    | Killed an ancient lich
 60673 | Zot:5    | Noticed an ancient lich
 60682 | Zot:5    | Killed an ancient lich
 60687 | Zot:5    | Noticed an ancient lich
 60694 | Zot:5    | Killed an ancient lich
 60739 | Zot:5    | Noticed an ancient lich
 60743 | Zot:5    | Noticed an ancient lich
 60747 | Zot:5    | Noticed an ancient lich
 60759 | Zot:5    | Killed an ancient lich
 60762 | Zot:5    | Killed an ancient lich
 60765 | Zot:5    | Killed an ancient lich
 60897 | Zot:5    | Noticed an ancient lich
 60905 | Zot:5    | Killed an ancient lich
 60905 | Zot:5    | Reached skill level 23 in Air Magic
 60927 | Zot:5    | Noticed an orb of fire
 60957 | Zot:5    | Noticed an ancient lich
 60964 | Zot:5    | Killed an ancient lich
 61002 | Zot:5    | Killed an orb of fire
 61078 | Zot:5    | Noticed an orb of fire
 61091 | Zot:5    | Gained mutation: Your spells are a little easier to cast, but a little less powerful. [an orb of fire]
 61093 | Zot:5    | Killed an orb of fire
 61427 | Zot:5    | Reached skill level 24 in Air Magic
 61653 | Zot:5    | Noticed an ancient lich
 61657 | Zot:5    | Killed an ancient lich
 61703 | Zot:5    | Noticed an ancient lich
 61712 | Zot:5    | Killed an ancient lich
 61720 | Zot:5    | Noticed an ancient lich
 61728 | Zot:5    | Killed an ancient lich
 62345 | D:13     | Noticed Kirke
 62353 | D:13     | Killed Kirke
 62353 | D:13     | Reached skill level 25 in Air Magic
 62533 | Vaults:5 | Entered Level 5 of the Vaults
 62606 | Vaults:5 | Noticed Sojobo
 62734 | Vaults:5 | Killed Sojobo
 62735 | Vaults:5 | Reached skill level 26 in Air Magic
 63057 | Vaults:5 | Got a glittering iron ring
 63235 | Vaults:5 | Got a silver rune of Zot
 63285 | Vaults:5 | Identified the ring "Weomm" {Ice -Tele rPois MR+++ SInv} (You took it off a vault warden on level 5 of the Vaults)
 64046 | Vaults:5 | Identified the Volume of Warped Changing
 64443 | Slime:1  | Entered Level 1 of the Pits of Slime
 64577 | Slime:5  | Entered Level 5 of the Pits of Slime
 64705 | Slime:5  | Reached skill level 27 in Air Magic
 64715 | Slime:5  | Noticed the Royal Jelly
 64904 | Slime:5  | Killed the Royal Jelly
 65119 | Slime:5  | Got a slimy rune of Zot
 65153 | Slime:5  | Got a shimmering dire flail
 65154 | Slime:5  | Identified the +4 dire flail of the Goat {venom, rF+ Int+4 SInv} (You found it on level 5 of the Pits of Slime)
 65195 | Slime:5  | Identified the Volume of Burning Unholy Secrets
 65235 | Slime:5  | Got a vibrating lead ring
 65241 | Slime:5  | Identified the ring "Tupalimo" {rElec rF+ rC+} (You found it on level 5 of the Pits of Slime)
 65713 | Pan      | Entered Pandemonium
 65765 | Pan      | Noticed Cixuluzo the pandemonium lord
 65785 | Pan      | Killed Cixuluzo the pandemonium lord
 65854 | Pan      | Found an exit through the horrors of the Abyss.
 66461 | Pan      | Killed from afar by a hellion

Vault maps used:
D:1:      dpeg_arrival_line_fractal, cheibriados_altar_1
D:2:      st_stairs_11, okawaru_gym_becter
D:3:      first_bread, lightli_corner_chamber
D:5:      portal_sewer_entry_d
D:6:      grunt_gozag_breadcrumbs, lemuel_another_geyser, uniq_blork_the_orc
D:7:      old_standard_altar, serial_shops, nicolae_shop_window_shopping,
          gup_ossuary_entry_pyramid, uniq_menkaure, uniq_duvessa
D:8:      kennysheep_big_flooded_room, lemuel_crystal_altar, old_standard_altar
D:9:      hiddenorc1_lemuel, serial_shops, shop
D:10:     dpeg_lair_monsters, serial_shops, shop, nicolae_shop_crystal,
          nicolae_shop_competitors_out_of_business
D:11:     enter_bailey_3, serial_shops, nicolae_shop_trees,
          nicolae_shop_waterfront, the_bakery
D:12:     minmay_pinched_square
D:13:     minmay_ornate_pinched, lightli_vaults_fourway_checkpoint,
          minmay_misc_feat_iff, uniq_josephine, uniq_erolcha, uniq_kirke
D:14:     serial_bayou_pond_b, st_stairs_4
D:15:     gammafunk_depths_entry_grave, hangedman_decor_opposing, uniq_azrael,
          uniq_roxanne, uniq_louise
Lair:1:   portal_ice_cave_entry_imps, beast_lair_carwin_1
Lair:2:   uniq_sonja, uniq_harold
Lair:3:   lab_entry_generic, kennysheep_snail_temple, grunt_megastairs_5
Lair:4:   nicolae_swamp_entry_splash_gauntlet,
          nicolae_spider_entry_orb_guardian, special_room, grunt_megastairs_2
Lair:6:   grunt_lair_end_beastmaster, slime_altar_1, serial_bayou_lagoon_a,
          lemuel_fruit_tree
Swamp:1:  nicolae_swamp_treefoil
Swamp:2:  evilmike_swamp_ruin_rubble_2, swamp_pool2, infiniplex_staircase_pool,
          uniq_donald
Swamp:3:  evilmike_swamp_ruin_house_6, infiniplex_staircase_pool_2
Swamp:4:  swamp_alternative
Spider:1: spider_trap
Spider:3: nicolae_spider_corner, worms_lemuel, uniq_arachne, uniq_asterion
Spider:4: spider_rune_water
Slime:2:  nicolae_slime_ancient_tower_intersection
Slime:3:  cheibrodos_slime_lost_civilization_5
Orc:1:    basic_altar, serial_shops, shop, uniq_fannar
Orc:2:    st_orc_congregation
Elf:1:    minmay_elf_arrival_summoners, minmay_elf_annihilation,
          nicolae_rare_books
Elf:2:    mu_enter_wizlab_4
Elf:3:    nooodl_elf_gasket
Vaults:1: v_misc_14, v_misc_14, ontoclasm_vaults_ring_small, vaults_room_pools,
          nicolae_vaults_border_crossing, vaults_room_guarded_vault,
          ontoclasm_vaults_hangar, grunt_vaults_funnel, v_pattern_2,
          vaults_room_semicircle, hangedman_vaults_capsules,
          vaults_room_fancy_cross
Vaults:2: v_misc_23, grunt_vaults_hallway_long, vaults_dpeg_spiral,
          nicolae_vaults_statue_guard, nicolae_vaults_disjoint_gnomons,
          nicolae_vaults_network_star, v_misc_11,
          minmay_crypt_entry_simple_corners, ontoclasm_vaults_decontamination,
          v_alt_pattern_3, nicolae_vaults_little_squares_3, vaults_room_hallway,
          basic_altar, uniq_mennas, uniq_aizul, uniq_jory
Vaults:3: nicolae_vaults_mini_display_case, vaults_room_door_hall, v_pattern_5,
          vaults_room_ringed_pool, grunt_vaults_swirl, v_misc_5, v_misc_12,
          v_misc_23, ontoclasm_vaults_echo, vaults_dpeg_ring
Vaults:4: nicolae_vaults_branching_niches, vaults_room_hallway, v_misc_17,
          nicolae_vaults_specimen_jars, nicolae_vaults_network_quincunx,
          hangedman_vaults_cutoff, v_misc_17, hangedman_vaults_pinch, v_rooms_1,
          nicolae_vaults_little_squares_6, v_misc_10, v_misc_16,
          vaults_room_fours, ontoclasm_vaults_loading_screen,
          grunt_vaults_diagonal, nicolae_trove_entry_crystal, uniq_margery
Vaults:5: uniq_sojobo
Depths:1: marbit_kobold_abyss_entry, hell_entry, nrook_mini_vaults,
          kennysheep_kite_vault, grunt_megastairs_3
Depths:2: minmay_expanding_circles, pf_hell_entry_tar_spiral,
          minmay_crystal_room, infiniplex_staircase_x, serial_bayou_shore_b,
          basic_stair_grate_trap, kennysheep_cross_landing, firewood_loft,
          uniq_bai_suzhen
Depths:3: hangedman_crystal_crosses_colossus, abyss_entry, pan_entry,
          hell_entry, uniq_nikola
Depths:4: kennysheep_ogre_elephant_herders, abyss_entry, hangedman_coc_ice_floe,
          hex_tiny, minmay_shoptagon, infiniplex_staircase_spiral_double,
          uniq_mara
Depths:5: grunt_zot_entry_alcove, enter_ziggurat_c, serial_bayou_pond_b,
          grunt_pan_entry_spiral, hell_entry, kennysheep_random_hallway
Zot:4:    zot_minivault_1
Abyss:3:  evilmike_nicolae_abyss_rune_betentacled_crabyss
Pan:      evilmike_mini_pan_V, pan_blood_fountain_small
Zig:7:    ziggurat_pillar_centre_c
Lab:      labyrinth_spiral, lab_statue, nicolae_lab_blocks, nicolae_lab_statue,
          lab_block, labyrinth_skeletal_remains, nicolae_lab_hexagon,
          nicolae_lab_plus, nicolae_lab_stuck
Trove:    trove_jewel_2
Sewer:    sewer_co_tree
Ossuary:  ossuary_tomb_1
Bailey:   bailey_polearm_1, bailey
IceCv:    ice_cave_tombish
WizLab:   wizlab_wucad

Skill      XL: |  1  2  3  4  5  6  7  8  9 10 11 12 13 14 15 16 17 18 19 20 21 22 23 24 25 26 27 |
---------------+----------------------------------------------------------------------------------+-----
Invocations    | 1 2 3 4 5 6 8 9 10 12 13 14 15 16 17 | 17.4
Fighting       | 4 5 6 7 8 9 10 11 12 13 14 15 16 17 | 17.1
Unarmed Combat | 4 5 6 7 9 10 11 12 13 14 15 16 17 18 19 | 19.0
Dodging        | 5 7 8 9 10 11 12 13 14 16 18 19 20 | 20.2
Transmutations | 2 5 7 9 11 12 13 17 20 | 20.8
Spellcasting   | 1 3 5 6 7 8 9 10 | 10.4
Evocations     | 3 4 5 |  5.7
Translocations | 2 3 6 |  6.8
Shields        | 6 9 10 11 12 | 12.0
Earth Magic    | 5 6 8 9 |  9.1
Air Magic      | 4 7 8 9 10 12 13 15 27 | 27.0
Charms         | 5 8 10 11 12 | 12.1
Armour         | 2 3 4 |  4.5
Conjurations   | 4 8 |  8.4
Stealth        | |  2.1
Necromancy     | |  0.7

Action                   |  1- 3 |  4- 6 |  7- 9 | 10-12 | 13-15 | 16-18 | 19-21 | 22-24 | 25-27 || total
-------------------------+-------+-------+-------+-------+-------+-------+-------+-------+-------++-------
Melee: Unarmed           |   136 |   247 |   495 |   823 |  1398 |  1106 |  1258 |  1283 |  2637 ||  9383
       Punch             |     1 |     7 |    27 |    85 |   173 |    76 |     3 |       |       ||   372
       Tailslap          |       |       |    12 |     5 |     2 |    46 |    14 |       |       ||    79
Throw: Throwing net      |       |       |       |       |       |       |       |       |     3 ||     3
 Cast: Blade Hands       |       |       |       |       |     3 |    39 |     1 |     1 |       ||    44
       Alistair's Intoxi |       |       |       |       |     1 |       |       |     1 |       ||     2
       Statue Form       |       |       |       |       |       |    32 |    72 |    82 |   185 ||   371
       Repel Missiles    |       |       |       |       |       |       |     5 |     4 |       ||     9
       Portal Projectile |       |       |       |       |       |       |     1 |       |       ||     1
       Regeneration      |       |       |       |       |       |       |       |     7 |    30 ||    37
       Deflect Missiles  |       |       |       |       |       |       |       |     3 |    10 ||    13
       Conjure Ball Ligh |       |       |       |       |       |       |       |       |    14 ||    14
       Tornado           |       |       |       |       |       |       |       |       |    31 ||    31
       Apportation       |       |       |       |       |       |       |       |       |     1 ||     1
       Blink             |       |       |       |       |       |       |       |       |     1 ||     1
       Passage of Golubr |       |       |       |       |       |       |       |       |     1 ||     1
Invok: Slouch            |       |       |     6 |    15 |    19 |    13 |    15 |    16 |    31 ||   115
       Step From Time    |       |       |       |       |       |       |       |       |     1 ||     1
Evoke: Wand              |       |       |       |     9 |     2 |     2 |       |     4 |     4 ||    21
       Box of beasts     |       |       |       |       |       |     2 |       |       |       ||     2
       Lamp of fire      |       |       |       |       |       |       |       |     1 |       ||     1
  Use: Potion            |     2 |     1 |     3 |     7 |     4 |     2 |       |       |     9 ||    28
       Scroll            |       |    12 |    11 |     7 |    12 |     3 |     3 |    18 |    23 ||    89
 Stab: Sleeping          |     3 |    11 |     3 |     7 |     2 |     4 |     1 |     2 |     1 ||    34
       Distracted        |     1 |     2 |     1 |     2 |     2 |     5 |     5 |     1 |     4 ||    23
       Petrifying        |       |       |       |       |     1 |       |       |       |       ||     1
       Held in net/web   |       |       |       |       |       |       |       |       |     2 ||     2
  Eat: Chunk             |       |     4 |     6 |    18 |    19 |    32 |    35 |    34 |    40 ||   188
       Royal jelly       |       |       |     1 |       |       |     2 |     1 |       |     3 ||     7
       Meat ration       |       |       |       |       |     1 |       |       |     1 |    10 ||    12
       Pizza             |       |       |       |       |       |     1 |     2 |     1 |       ||     4
       Beef jerky        |       |       |       |       |       |       |       |     1 |     7 ||     8
Armor: Robe              |     4 |       |       |    47 |       |    13 |    35 |     1 |       ||   100
       Ring mail         |    24 |    58 |       |       |       |       |       |       |       ||    82
       Scale mail        |       |    10 |   128 |    37 |       |       |       |       |       ||   175
       Fire dragon armou |       |       |       |    58 |   314 |   128 |       |    11 |    26 ||   537
       Skin              |       |       |       |       |       |   338 |   330 |   436 |   971 ||  2075
Dodge: Dodged            |   105 |   146 |   333 |   732 |  1463 |  2106 |  1694 |  1560 |  4274 || 12413
       Deflected         |       |       |       |       |       |       |    12 |    60 |   227 ||   299
Block: Other             |       |     9 |    31 |    51 |    12 |       |       |       |       ||   103
       Reflection        |       |       |       |     2 |       |       |       |       |    53 ||    55
       Buckler           |       |       |       |       |       |   362 |   853 |   853 |  2202 ||  4270
